 Dungeon Crawl Stone Soup version 0.13.1-20-gf50ca03 (webtiles) character file.

237 Kae the Ruffian (level 4, -5/35 HPs)
             Began as a Draconian Transmuter on Dec 31, 2013.
             Slain by Crazy Yiuf
             ... wielding a +2,+4 quarterstaff of chaos
              (9 damage)
             ... on Level 3 of the Dungeon.
             The game lasted 00:02:32 (2728 turns).

Kae the Ruffian (Draconian Transmuter)              Turns: 2728, Time: 00:02:32

HP  -5/35        AC  5     Str 13      XL: 4   Next: 44%
MP   6/6         EV 12     Int 13      God:
Gold 139         SH  0     Dex 12      Spells:  2 memorised,  4 levels left

Res.Fire  : . . .   See Invis. : .   e - +0,+2 dagger (freeze)
Res.Cold  : . . .   Warding    : .   (armour unavailable)
Life Prot.: . . .   Conserve   : .   (no shield)
Res.Poison: .       Res.Corr.  : .   (helmet restricted)
Res.Elec. : .       Clarity    : .   (no cloak)
Sust.Abil.: . .     Spirit.Shd : .   (no gloves)
Res.Mut.  : .       Stasis     : .   (no boots)
Res.Rott. : .       Flight     : .   (no amulet)
Saprovore : . . .                    (no ring)
                                     (no ring)

@: appendage (expiring), slightly resistant to hostile enchantments, unstealthy
A: unfitting armour, horns 2, AC +5
a: End Transformation


You were on level 3 of the Dungeon.
You were hungry.
You had grown temporary horns.
You visited 1 branch of the dungeon, and saw 3 of its levels.

You collected 119 gold pieces.

Inventory:

Hand weapons
 e - a +0,+2 dagger of freezing (weapon)
Missiles
 b - 63 arrows
Magical devices
 r - a wand of hasting (4) {unknown}
Comestibles
 a - 4 bread rations
 k - a meat ration
 n - a cheese
 v - a snozzcumber
Scrolls
 c - 4 scrolls of enchant weapon II {unknown}
 i - 3 scrolls of identify {unknown}
 j - a scroll of recharging {unknown}
 m - a scroll of fear {unknown}
 q - a scroll of remove curse {unknown}
Jewellery
 h - an uncursed ring of protection from magic {unknown}
 p - a +3 ring of strength {unknown}
 t - an uncursed ring of fire {unknown}
Potions
 f - a potion of heal wounds {unknown}
 g - a potion of curing {unknown}
 o - 3 potions of restore abilities {unknown}
 s - a potion of might {unknown}
 u - a potion of speed {unknown}
Books
 d - a book of Changes

   Spells                             Type                      Level
   *Beastly Appendage                 Transmutation                1
   *Sticks to Snakes                  Transmutation                2
   Spider Form                        Transmutation/Poison         3
   Ice Form                           Ice/Transmutation            4
   Blade Hands                        Transmutation                5
Magical staves
 l - an uncursed staff of summoning {unknown}


   Skills:
 - Level 1.1 Fighting
 - Level 1.7 Dodging
 * Level 4.4 Unarmed Combat
 - Level 2.0 Spellcasting
 + Level 3.3 Transmutations


You had 4 spell levels left.
You knew the following spells:

 Your Spells              Type           Power        Failure   Level  Hunger
a - Beastly Appendage     Trmt           ##....       10%         1    ##.....
b - Sticks to Snakes      Trmt           ##........   12%         2    ###....


Dungeon Overview and Level Annotations

Branches:
Dungeon (3/27)

Altars:

Annotations:
D:3 Crazy Yiuf


Innate Abilities, Weirdness & Mutations

Your plain brown scales are hard (AC +5).
Your body does not fit into most forms of armour.
Your cold-blooded metabolism reacts poorly to cold.
You have a pair of horns on your head.


Message History

You feel yourself slow down. Crazy Yiuf freezes you.
You hit Crazy Yiuf but do no damage.
Crazy Yiuf is lightly wounded.
Crazy Yiuf completely misses you.
You hit Crazy Yiuf. You freeze Crazy Yiuf. Your headbutt misses Crazy Yiuf.
Crazy Yiuf is moderately wounded.
You feel yourself speed up.
Crazy Yiuf whimpers, "Paint!
Line toodlewoodle dark."
Crazy Yiuf barely misses you.
Crazy Yiuf hits you with a quarterstaff of chaos!
* * * LOW HITPOINT WARNING * * *
You feel yourself slow down. Crazy Yiuf freezes you.
* * * LOW HITPOINT WARNING * * *
Your transformation is almost over.
You feel yourself speed up.
Crazy Yiuf cries, "Snurf meccalolo blue!"
You hit the fungus. You freeze the fungus. You tail-slap the fungus.
The fungus is lightly damaged.
Crazy Yiuf barely misses you.
Crazy Yiuf hits you with a quarterstaff of chaos!
You die...

#.# #.# #.#######
#.....(.#
#######.# #.#
#######.## ###
###.#.g+...#
#...##..#.ff@...#
#.....####ff....#
#)..### ##.+..##
### ######


You could see Crazy Yiuf.

Vanquished Creatures
  An adder (D:2)
  A worm (D:3)
  A giant gecko (D:1)
  2 oozes
  2 ball pythons (D:2)
  2 giant cockroaches
  8 hobgoblins
  A quokka (D:2)
  12 bats
  A giant newt (D:1)
  13 goblins
  6 kobolds
  43 rats
93 creatures vanquished.

Notes
Turn   | Place    | Note
--------------------------------------------------------------
     0 | D:1      | Kae, the Draconian Transmuter, began the quest for the Orb.
     0 | D:1      | Reached XP level 1. HP: 16/16 MP: 1/1
   232 | D:1      | Reached XP level 2. HP: 17/23 MP: 3/3
   334 | D:1      | Learned a level 2 spell: Sticks to Snakes
  1156 | D:1      | Reached XP level 3. HP: 17/28 MP: 4/4
  1644 | D:2      | Reached skill level 4 in Unarmed Combat
  1823 | D:2      | Reached XP level 4. HP: 32/35 MP: 6/6
  2710 | D:3      | Noticed Crazy Yiuf
  2728 | D:3      | Slain by Crazy Yiuf

Action                   |  1- 3 |  4- 6 || total
-------------------------+-------+-------++-------
Melee: Unarmed           |    58 |       ||    58
       Dagger            |   157 |    64 ||   221
 Cast: Beastly Appendage |     4 |     2 ||     6
 Stab: Sleeping          |       |     1 ||     1
